AoeStats
← 十大地方

Arena

510677733Analyzed
4v4 RM · 15h ago on Oct 2, 2026· 45m 2s· 8 players
Game mode
Random Map
Map size
Large (8 player)
Population
200
Speed
Normal
Resources
Standard
Victory
Conquest
Starting age
Dark Age
Ending age
Imperial Age
RankedLock teamsTeams togetherTeam positionsShared explorationLock speedFull tech treeHidden civsTurbo modeCheats
Victory
Defeat
🇨🇳 Sicilians · China
1799
+5
🇺🇸 Spanish · United States
1730
+7
1652
+10
🇹🇼 Ethiopians · Taiwan
1590
+12
🇺🇸 Koreans · United States
1585
-11
🇺🇸 Celts · United States
1520
-9
🇺🇸 Tatars · United States
1483
-7
🇦🇺 Bengalis · Australia
1465
-7
tsoul
10:48 Feudal Age
12:06 Double-Bit Axe
12:03 Horse Collar
14:46 Castle Age
15:53 Bow Saw
15:44 Heavy Plow
20:23 Wheelbarrow
20:37 Stone Mining
21:07 Gold Mining
22:08 Loom
23:37 Hand Cart
23:29 Fletching
25:59 Scale Barding Armor
27:02 Forging
27:56 Chain Barding Armor
28:35 Iron Casting
31:19 Imperial Age
29:04 Bloodlines
28:54 Husbandry
31:22 Cavalier
32:38 Plate Barding Armor
32:24 Conscription
33:12 Chemistry
33:48 Blast Furnace
33:12 Ballistics
32:48 Bodkin Arrow
32:25 Capped Ram
33:14 Paladin
33:48 Siege Ram
36:38 Two-Man Saw
36:32 Supremacy
37:53 Guilds
38:59 Sappers
40:50 Hoardings
40:16 Bracer
40:28 Masonry
蔡正平
10:59 Feudal Age
14:31 Castle Age
12:19 Double-Bit Axe
12:51 Horse Collar
15:19 Loom
15:32 Town Watch
16:40 Heavy Plow
18:15 Wheelbarrow
20:33 Stone Mining
22:59 Gold Mining
24:20 Gold Shaft Mining
25:17 Hand Cart
29:09 Imperial Age
26:48 Scale Mail Armor
26:50 Squires
28:29 Chain Mail Armor
28:25 Forging
29:11 Halberdier
30:22 Plate Mail Armor
30:59 Chemistry
31:23 Conscription
30:58 Arson
31:58 Iron Casting
34:31 Siege Engineers
35:51 Bow Saw
37:53 Blast Furnace
36:44 Fletching
38:42 Torsion Engines
38:37 Elite Shotel Warrior
种田人口才是基本盘
9:03 Feudal Age
9:30 Double-Bit Axe
9:26 Horse Collar
16:33 Castle Age
16:38 Light Cavalry
17:37 Bow Saw
19:52 Wheelbarrow
21:03 Gold Mining
23:36 Heavy Plow
23:39 Loom
28:12 Imperial Age
25:37 Stone Mining
25:52 Husbandry
26:34 Hand Cart
26:48 Forging
27:39 Scale Barding Armor
28:55 Chain Barding Armor
29:23 Bloodlines
28:34 Heavy Hei Guang Cavalry
30:12 Stone Shaft Mining
30:13 Gold Shaft Mining
30:38 Iron Casting
30:13 Fletching
32:32 Parthian Tactics
32:06 Bodkin Arrow
32:20 Padded Archer Armor
32:58 Ballistics
33:39 Chemistry
33:02 Conscription
33:38 Bracer
33:39 Hussar
34:31 Thumb Ring
35:00 Padded Archer Armor
36:02 Blast Furnace
36:11 Ming Guang Armor
38:42 Tuntian
40:54 Masonry
42:46 Leather Archer Armor
44:12 Ring Archer Armor
43:39 Elite Tiger Cavalry
十大地方
10:25 Feudal Age
13:59 Castle Age
11:52 Double-Bit Axe
12:21 Horse Collar
15:29 Bow Saw
15:29 Heavy Plow
20:12 Wheelbarrow
22:57 Hand Cart
22:47 Stone Mining
23:47 Gold Mining
23:57 Loom
23:58 Town Watch
25:45 Gold Shaft Mining
26:14 Stone Shaft Mining
28:18 Imperial Age
27:35 Scale Mail Armor
27:45 Forging
26:56 Pikeman
27:37 Squires
29:12 Bloodlines
29:02 Husbandry
29:08 Scale Barding Armor
29:19 Chain Mail Armor
29:35 Conscription
28:42 Cavalier
31:00 Iron Casting
29:58 Halberdier
31:49 Plate Mail Armor
33:42 Blast Furnace
32:32 Elite Serjeant
34:29 Fletching
35:03 Ballistics
36:04 Hauberk
36:25 Bodkin Arrow
36:54 Chain Barding Armor
36:35 Bodkin Arrow
38:08 Chemistry
37:04 Murder Holes
37:11 Capped Ram
38:27 Crop Rotation
37:51 Onager
38:39 Bracer
39:58 Siege Engineers
40:53 Siege Onager
42:39 Light Cavalry
44:42 Plate Barding Armor
optimal_brain_damage
10:25 Feudal Age
14:04 Castle Age
12:23 Stone Mining
12:43 Double-Bit Axe
13:12 Horse Collar
15:09 Bow Saw
17:44 Gold Mining
18:57 Fletching
21:46 Bodkin Arrow
26:32 Wheelbarrow
26:12 Heavy Plow
32:03 Imperial Age
30:12 Scale Mail Armor
30:22 Forging
31:14 Hand Cart
31:23 Chain Mail Armor
32:12 Heated Shot
32:44 Ballistics
33:21 Iron Casting
34:41 Plate Mail Armor
35:41 Pikeman
36:22 Squires
36:07 Arson
36:50 Bracer
37:52 Chemistry
36:40 Halberdier
37:37 Elite Fire Lancer
39:01 Shinkichon
Fluffy Chirp
11:40 Feudal Age
12:30 Double-Bit Axe
15:27 Castle Age
16:41 Bow Saw
16:11 Horse Collar
16:54 Heavy Plow
18:18 Wheelbarrow
19:46 Loom
20:51 Gold Mining
23:09 Hand Cart
23:15 Stone Mining
23:58 Town Watch
27:59 Imperial Age
25:54 Scale Mail Armor
26:42 Forging
26:01 Pikeman
26:58 Chain Mail Armor
27:30 Gambesons
27:31 Arson
28:22 Iron Casting
28:15 Halberdier
29:24 Conscription
30:03 Plate Mail Armor
29:01 Capped Ram
30:35 Furor Celtica
32:15 Blast Furnace
31:31 Heavy Scorpion
33:20 Chemistry
33:16 Ballistics
32:38 Siege Ram
35:12 Elite Woad Raider
A Toothbrush
11:06 Feudal Age
14:45 Castle Age
12:35 Double-Bit Axe
12:31 Horse Collar
15:59 Bow Saw
16:46 Heavy Plow
23:37 Gold Mining
24:42 Wheelbarrow
23:53 Loom
26:25 Stone Mining
30:49 Imperial Age
28:36 Hand Cart
28:20 Fletching
28:30 Padded Archer Armor
29:08 Masonry
28:57 Bodkin Arrow
29:39 Ballistics
29:22 Husbandry
29:32 Bloodlines
28:45 Light Cavalry
30:44 Leather Archer Armor
30:36 Scale Barding Armor
30:41 Forging
30:45 Silk Armor
30:35 Town Watch
30:52 Scale Mail Armor
31:21 Heavy Cavalry Archer
32:33 Ring Archer Armor
32:03 Bracer
33:05 Chemistry
32:11 Siege Engineers
33:03 Chain Barding Armor
33:18 Conscription
35:35 Timurid Siegecraft
35:09 Treadmill Crane
36:23 Iron Casting
36:19 Hussar
38:11 Plate Barding Armor
38:51 Pikeman
39:31 Squires
39:18 Arson
39:34 Scale Mail Armor
40:35 Blast Furnace
40:50 Halberdier
Lightning
5:09 Loom
10:36 Feudal Age
15:48 Castle Age
14:24 Gold Mining
14:23 Double-Bit Axe
15:02 Horse Collar
17:16 Bow Saw
18:19 Wheelbarrow
25:11 Fervor
25:12 Heavy Plow
30:40 Imperial Age
28:11 Fletching
28:24 Padded Archer Armor
28:36 Bloodlines
28:27 Husbandry
29:49 Gold Shaft Mining
31:04 Ballistics
30:40 Bodkin Arrow
31:01 Leather Archer Armor
31:44 Elite Elephant Archer
32:31 Bracer
33:45 Chemistry
34:47 Ring Archer Armor
35:15 Stone Mining
34:51 Light Cavalry
35:43 Forging
35:39 Scale Barding Armor
35:12 Pikeman
Connection lost

Rejoining the realm…

Still unreachable

The connection could not be restored.

Session expired

The server has moved on; the page needs a fresh start.